 Dungeon Crawl Stone Soup version 0.19.0-20-gbc5f0c6 (webtiles) character file.

495 Leibowitz the Sneak (level 7, -1/58 HPs)
             Began as a Naga Enchanter on Nov 16, 2016.
             Slain by an iguana (10 damage)
             ... on level 4 of the Dungeon.
             The game lasted 00:19:59 (5143 turns).

Leibowitz the Sneak (Naga Enchanter)                Turns: 5143, Time: 00:20:00

Health: -1/58      AC:  7    Str: 14    XL:     7   Next: 15%
Magic:  4/12       EV:  9    Int: 17    God:
Gold:   240        SH:  0    Dex: 12    Spells: 3 memorised, 7 levels left

rFire  + . .     SeeInvis +     a - +0 short sword
rCold  . . .     Gourm    .     F - +0 ring mail of Spin the Turtle {Regen+ Str+4} (curse)
rNeg   . . .     Faith    .     (no shield)
rPois  +         Spirit   .     r - +0 helmet
rElec  .         Reflect  .     (no cloak)
rCorr  .         Harm     .     g - +0 pair of gloves
MR     .....                    (no barding)
Stlth  ++........               (no amulet)
                                u - ring of protection from fire
                                (no ring)

@: very slightly contaminated, very slow
A: see invisible, deformed body, mutation resistance 1, poison resistance,
slowness 2, slow metabolism 1, spit poison 1, AC +2
a: Spit Poison


You were on level 4 of the Dungeon.
You were very hungry.

You visited 1 branch of the dungeon, and saw 4 of its levels.
You also visited: Sewer.

You collected 240 gold pieces.

Inventory:

Hand Weapons
 a - a +0 short sword (weapon)
Missiles
 w - 2 throwing nets (quivered)
Armour
 g - a +0 pair of gloves (worn)
 r - a +0 helmet (worn)
 F - the cursed +0 ring mail of Spin the Turtle (worn) {Regen+ Str+4}
   (You found it on level 4 of the Dungeon)

   It affects your strength (+4).
   It increases your rate of regeneration.
   It has a curse placed upon it.
Jewellery
 u - a ring of protection from fire (right hand)
Wands
 s - a wand of disintegration (19/24)
 x - a wand of iceblast (13/15)
 D - a wand of paralysis (13/24)
Scrolls
 b - a scroll of random uselessness {unknown}
 e - 4 scrolls of remove curse {unknown}
 h - 2 scrolls of amnesia {unknown}
 j - a scroll of enchant weapon {unknown}
 k - 6 scrolls of teleportation
 l - 2 scrolls of magic mapping {unknown}
 n - a scroll of blinking {unknown}
 o - 3 scrolls of identify {unknown}
 v - 2 scrolls of recharging {unknown}
 y - a scroll of immolation {unknown}
 E - a scroll of noise {unknown}
 G - a scroll of fog {unknown}
Potions
 f - 5 potions of flight
 m - a potion of brilliance
 p - 2 potions of haste {unknown}
 t - a potion of resistance
 A - a potion of degeneration {unknown}
 B - 2 potions of lignification {unknown}
 H - a potion of agility {unknown}
Books
 c - a book of Maledictions

   Spells                             Type                      Level
   a - Corona                         Hexes                        1
   b - Ensorcelled Hibernation        Hexes/Ice                    2
   c - Confuse                        Hexes                        3
   d - Tukima's Dance                 Hexes                        3
   e - Dazzling Spray                 Conjuration/Hexes            3
Comestibles
 d - 3 bread rations
 i - a beef jerky
 C - 5 fruits


   Skills:
 + Level 1.7 Fighting
 + Level 3.1 Short Blades
 + Level 0.7 Armour
 + Level 2.3 Dodging
 + Level 6.0 Stealth
 * Level 3.7 Spellcasting
 + Level 3.8 Hexes
 + Level 2.3 Ice Magic


You had 7 spell levels left.
You knew the following spells:

 Your Spells              Type           Power        Failure   Level  Hunger
a - Corona                Hex            ###....      10%         1    None
b - Ensorcelled Hibernat  Hex/Ice        ##....       14%         2    ##.....
c - Confuse               Hex            ###.....     24%         3    ###....


Dungeon Overview and Level Annotations

Branches:
Dungeon (4/15)
 Temple: D:4-7

Altars:


Innate Abilities, Weirdness & Mutations

You cannot wear boots.
Your serpentine skin is tough. (AC +2)
You have supernaturally acute eyesight. (SInv)
Armour fits poorly on your strangely shaped body.
Your system is resistant to poisons. (rPois)
You cover ground very slowly.
You have a slow metabolism.
You can spit poison.
You are somewhat resistant to further mutation.


Message History

Aim: an iguana (almost dead, chance to defeat MR: 52%)
You miscast Ensorcelled Hibernation.
You are very lightly contaminated with residual magic.
Nothing appears to happen.
The iguana bites you but does no damage.
Casting: Ensorcelled Hibernation
Confirm with . or Enter, or press ? or * to list all spells.
Aiming: Ensorcelled Hibernation
Press: ? - help, Shift-Dir - straight line, f/p - iguana
Aim: an iguana (almost dead, chance to defeat MR: 52%)
The iguana resists with significant effort.
The iguana barely misses you.
Casting: Ensorcelled Hibernation
Confirm with . or Enter, or press ? or * to list all spells.
Aiming: Ensorcelled Hibernation
Press: ? - help, Shift-Dir - straight line, f/p - iguana
Aim: an iguana (almost dead, chance to defeat MR: 52%)
The iguana resists with significant effort.
The iguana bites you!
You die...

#. # #.# .#
#.####. #.#...
#.... #
###.#.##.#
#....l...#
#...@.# .#
####..?### .#
#......####.####
#.####.........#
# ###.......#
#...!...#
#.......# #.#
#.......#
#.######..†....#


You could see an iguana.

Vanquished Creatures
  A phantom (D:4)
  The ghost of Vesto the Stinger, a weakling NaVM (D:4)
  Ijyb (D:2)
  2 worker ants (D:4)
  A siren (Sewer)
  A merfolk avatar (Sewer)
  Robin (D:2)
  4 gnolls (D:3)
  4 adders
  2 river rats (Sewer)
  3 oozes
  An adder skeleton (D:4)
  2 worms (D:2)
  A dart slug (D:3)
  5 leopard geckos
  2 orcs
  6 bats
  9 giant cockroaches
  12 goblins
  12 hobgoblins
  4 jackals
  A quokka (D:2)
  18 frilled lizards
  6 kobolds
  30 rats
130 creatures vanquished.

Notes
Turn   | Place    | Note
-------+----------+-------------------------------------------
     0 | D:1      | Leibowitz the Naga Enchanter began the quest for the Orb.
     0 | D:1      | Reached XP level 1. HP: 15/15 MP: 3/3
   238 | D:1      | Reached XP level 2. HP: 4/22 MP: 1/5
   600 | D:1      | Learned a level 2 spell: Ensorcelled Hibernation
  1035 | D:1      | Reached XP level 3. HP: 24/28 MP: 1/6
  1595 | D:2      | Reached skill level 5 in Stealth
  1597 | D:2      | Noticed Ijyb
  1692 | D:2      | Killed Ijyb
  1692 | D:2      | Reached skill level 1 in Ice Magic
  1692 | D:2      | Reached XP level 4. HP: 13/37 MP: 2/7
  1985 | D:2      | Noticed Robin
  1992 | D:2      | Killed Robin
  2289 | D:1      | Learned a level 3 spell: Confuse
  3029 | D:2      | Reached XP level 5. HP: 40/43 MP: 9/9
  3246 | D:3      | Found a glowing drain.
  3254 | Sewer    | Entered a sewer
  3411 | Sewer    | Reached skill level 1 in Fighting
  3660 | Sewer    | Noticed a malarious merfolk avatar
  3746 | Sewer    | Killed a malarious merfolk avatar
  3746 | Sewer    | Reached XP level 6. HP: 37/51 MP: 4/10
  4083 | D:3      | Reached skill level 6 in Stealth
  4650 | D:4      | Got a slimy ring mail
  4661 | D:4      | Identified the cursed +0 ring mail of Spin the Turtle {Regen+ Str+4} (You found it on level 4 of the Dungeon)
  4864 | D:4      | Noticed Vesto's ghost (weakling NaVM)
  4877 | D:4      | Killed Vesto's ghost
  4949 | D:4      | Noticed a phantom
  5031 | D:4      | Gained mutation: You are somewhat resistant to further mutation. [potion of mutation]
  5058 | D:4      | Killed a phantom
  5058 | D:4      | Reached XP level 7. HP: 36/58 MP: 6/12
  5143 | D:4      | Slain by an iguana

Skill      XL: |  1  2  3  4  5  6 |
---------------+-------------------+-----
Stealth        | 5 6 |  6.0
Ice Magic      | 1 2 |  2.3
Short Blades   | 2 3 |  3.1
Fighting       | 1 |  1.7
Spellcasting   | 3 |  3.7
Dodging        | 2 |  2.3
Armour         | |  0.7
Hexes          | |  3.8

Action                   |  1- 3 |  4- 6 |  7- 9 || total
-------------------------+-------+-------+-------++-------
Melee: Dagger            |    25 |       |       ||    25
       Short sword       |   106 |   372 |    21 ||   499
 Cast: Corona            |    11 |     1 |       ||    12
       Ensorcelled Hiber |    11 |    30 |     3 ||    44
       Confuse           |       |     8 |       ||     8
 Abil: Spit Poison       |       |     5 |       ||     5
  Use: Potion            |       |     5 |       ||     5
 Stab: Sleeping          |    13 |    29 |       ||    42
       Confused          |       |     2 |       ||     2
       Distracted        |       |     2 |       ||     2
  Eat: Chunk             |     2 |    12 |       ||    14
Armor: Robe              |    40 |    99 |       ||   139
       Ring mail         |       |    27 |     8 ||    35
Dodge: Dodged            |    63 |   190 |     4 ||   257
